 Dungeon Crawl Stone Soup version 0.28.0 (webtiles) character file.

Game seed: 14713024678113072428

348 SnakkuSnakku7 the Chopper (level 6, -4/79 HPs)
             Began as a Hill Orc Delver on Feb 6, 2022.
             Was an Initiate of Beogh.
             Slain by a sky beast (5 damage)
             ... on level 5 of the Dungeon.
             The game lasted 00:06:24 (3100 turns).

SnakkuSnakku7 the Chopper (Hill Orc Delver)         Turns: 3100, Time: 00:06:25

Health: -4/79      AC: 16    Str: 17    XL:     6   Next: 60%
Magic:  6/6        EV:  7    Int: 10    God:    Beogh [......]
Gold:   176        SH:  0    Dex: 12    Spells: 5/5 levels left

rFire   . . .      SeeInvis .   a - +1 war axe
rCold   + . .      Faith    .   (no shield)
rNeg    . . .      Spirit   .   h - +6 chain mail of Rationality {rC+ Slay+5}
rPois   .          Reflect  .   (no helmet)
rElec   .          Harm     .   (no cloak)
rCorr   .          Rampage  .   k - +1 pair of gloves
Will    .....                   (no boots)
Stlth   ..........              (no amulet)
HPRegen 0.23/turn               (no ring)
MPRegen 0.10/turn               (no ring)

@: berserking, very quick
A: no striking features
a: Renounce Religion


You were on level 5 of the Dungeon.
You worshipped Beogh.
Beogh was noncommittal.
You visited 1 branch of the dungeon, and saw 5 of its levels.

You collected 176 gold pieces.

Inventory:

Hand Weapons
 a - a +1 war axe (weapon)
Missiles
 i - 10 poisoned darts (quivered)
Armour
 h - the +6 chain mail of Rationality (worn) {rC+ Slay+5}
   (You found it on level 5 of the Dungeon)

   Slay:      It affects your accuracy & damage with ranged weapons and melee
   (+5).
   rC:        It protects you from cold.
 k - a +1 pair of gloves (worn)
Scrolls
 c - 2 scrolls of fog
 d - 2 scrolls of magic mapping
 j - 3 scrolls of identify
 o - a scroll of enchant armour
Potions
 g - a potion of lignification
 m - 3 potions of haste


   Skills:
 - Level 4.4 Fighting
 + Level 6.6 Axes
 + Level 3.4 Throwing
 - Level 1.5 Dodging
 - Level 4.1 Stealth


You had 5 spell levels left.
You didn't know any spells.
Your spell library was empty.

Dungeon Overview and Level Annotations

Branches:
Dungeon (5/15)
 Temple: D:4-7

Altars:
Wu Jian

Shops:
D:1 =


Message History

The gnoll shaman hits you but does no damage.
You barely miss the sky beast. You slash the gnoll shaman!
The gnoll hits you but does no damage.
You closely miss the sky beast. You slash the gnoll shaman!
You kill the gnoll shaman!
Beogh accepts your kill.
Beogh appreciates your killing of a heretic priest.
The sky beast flickers out of sight!
Deactivating autopickup; reactivate with Ctrl-A.
Something hits you but does no damage.
Your life force feels restored.
You slash the wight!
The wight is severely damaged.
You hit something. The gnoll hits you but does no damage.
Something hits you but does no damage. The wight hits you but does no damage.
You hit the wight.
The wight is almost destroyed.
You barely miss something. The gnoll hits you but does no damage.
A sky beast appears from thin air!
Reactivating autopickup.
The sky beast hits you but does no damage.
The wight hits you but does no damage.
You hit the sky beast.
The sky beast is moderately wounded.
You slash the wight!
You destroy the wight!
Beogh accepts your kill. The gnoll hits you but does no damage.
You closely miss the sky beast.
The sky beast is moderately wounded.
The sky beast hits you but does no damage.
You closely miss the sky beast.
The sky beast is moderately wounded.
You feel less wooden.
Your +1 pair of gloves unmelds from your body.
The +6 chain mail of Rationality {rC+ Slay+5} unmelds from your body.
The gnoll hits you but does no damage. The sky beast hits you.
* * * LOW HITPOINT WARNING * * *
The sky beast shocks you.
You die...

##########
#........#
#........#
#........#
#........#
#........########
#...........Y@).# #
#........######g####
# #........#
###.zz.## #
#........#
#.......#### #
####..####
#..###.....#######
##.## ##.
##......z.z.z ###
#.[# #. #########g..
..####.## #. ####
#......#### #. #


You could see a sky beast, 2 wights and a gnoll.

Vanquished Creatures
  A wight (D:5)
  An orc priest (D:3)
  A gnoll shaman (D:5)
  An orc wizard (D:4)
  A hound skeleton (D:4)
  3 gnolls (D:4)
  6 adders
  2 dart slugs
  5 orcs
  6 ball pythons
  7 endoplasms
  3 giant cockroaches
  A goblin (D:3)
  9 hobgoblins
  4 jackals
  2 quokkas
  6 bats
  2 frilled lizards
  5 kobolds
  8 rats
74 creatures vanquished.

Vanquished Creatures (others)
  A scorpion (D:3)
  An adder (D:3)
  2 orcs (D:3)
  A frilled lizard (D:3)
5 creatures vanquished.

Grand Total: 79 creatures vanquished

Notes
Turn   | Place    | Note
-------+----------+-------------------------------------------
     0 | D:5      | SnakkuSnakku7 the Hill Orc Delver began the quest for the
                  | Orb.
     0 | D:5      | Reached XP level 1. HP: 19/19 MP: 1/1
    14 | D:5      | Noticed a necrophage
    60 | D:5      | Noticed a jelly
    82 | D:5      | Identified the +6 chain mail of Rationality {rC+ Slay+5}
    97 | D:5      | Noticed a sky beast
   352 | D:4      | Noticed an orc wizard
   354 | D:4      | Noticed a scorpion
   468 | D:3      | Reached skill level 3 in Axes
   468 | D:3      | Reached XP level 2. HP: 24/27 MP: 2/2
   698 | D:2      | Reached XP level 3. HP: 34/34 MP: 3/3
   863 | D:1      | Reached skill level 4 in Axes
  1138 | D:1      | Found Zutirosh's Jewellery Boutique.
  1249 | D:1      | Reached skill level 1 in Throwing
  1629 | D:2      | Reached XP level 4. HP: 41/41 MP: 4/4
  1965 | D:3      | Became a worshipper of Beogh the Brigand
  1983 | D:3      | Reached skill level 5 in Axes
  2161 | D:3      | Reached XP level 5. HP: 47/47 MP: 5/5
  2634 | D:4      | Reached skill level 6 in Axes
  2634 | D:4      | Reached XP level 6. HP: 30/53 MP: 6/6
  2960 | D:4      | Found an ornate altar of the Wu Jian Council.
  3026 | D:4      | You fall into a shaft and drop 1 floor!
  3092 | D:5      | HP: 2/78 [gnoll shaman (8)]
  3100 | D:5      | HP: 1/79 [sky beast (2)]
  3100 | D:5      | Slain by a sky beast

Illustrated notes

Levels and vault maps discovered:
D:1:      lemuel_arrival_hallway, layout_loops_ring, serial_shops,
          nicolae_shop_hallway_plus, st_stairs_11,
          chequers_serial_rivers_micro_a
D:2:      kennysheep_big_flooded_room, layout_basic, minmay_tromino_v4_c
D:3:      layout_basic
D:4:      old_forge, layout_basic, lightli_temple_of_fire,
          nicolae_overflow_crystal_walls
D:5:      layout_rooms, lemuel_flamethrower_2

Skill      XL: |  1  2  3  4  5  6 |
---------------+-------------------+-----
Fighting       | 4 |  4.4
Axes           | 3 4 5 6 |  6.6
Throwing       | 1 2 3 |  3.4
Dodging        | |  1.5
Stealth        | |  4.1

Action                   |  1- 3 |  4- 6 || total
-------------------------+-------+-------++-------
Melee: Hand axe          |    83 |    79 ||   162
       Punch             |     1 |     2 ||     3
       War axe           |       |    24 ||    24
Invok: Convert to Beogh  |       |     1 ||     1
Evoke: Wand              |     3 |       ||     3
  Use: Potion            |     1 |     6 ||     7
       Scroll            |     1 |     5 ||     6
 Stab: Sleeping          |     1 |       ||     1
Armor: Chain mail        |    60 |    89 ||   149
       Leather armour    |     2 |       ||     2
       Skin              |       |    61 ||    61
Dodge: Dodged            |    34 |    53 ||    87
